Map: Thunderbird LE

Players

liquidthermy (uThermal) - Winner!

  • Race: Terran Terran
  • Spawn Location: 5:00

Serral

  • Race: Zerg Zerg
  • League: Master
  • Spawn Location: 11:00

Event: HomeStory Cup XX

VOD

Have the link to the VOD?

Description

Time

  • Played on: Nov. 22, 2019, 2:04 p.m.
  • Length: 10:37

All games in this series

Show
View Real Time Build Order
Export as new Build Order

liquidthermy Terran - Winner!

Build Orders: Reaper Expand 

Get SALT Encoding   

  12  0:01  SCV  
  13  0:13  SCV  
  14  0:16  Supply Depot  
  14  0:25  SCV  
  15  0:38  Barracks, SCV  
  15  0:42  Refinery  
  16  0:50  SCV  
  17  1:02  SCV  
  18  1:14  SCV  
  19  1:25  Reaper  
  19  1:26  Orbital Command  
  20  1:38  Command Center  
  20  1:48  Supply Depot  
  20  1:53  SCV  
  21  1:57  Marine  
  22  2:05  SCV  
  22  2:07  Factory  
  23  2:17  SCV  
  23  2:19  Barracks Reactor  
  24  2:29  SCV  
  25  2:41  SCV  
  25  2:42  Command Center  
  26  2:51  Orbital Command  
  26  2:53  SCV  
  27  3:00  Hellion  
  27  3:01  Hellion  
  31  3:05  SCV  
  31  3:06  Barracks Tech Lab  
  32  3:16  SCV  
  32  3:18  SCV  
  34  3:21  Hellion  
  34  3:22  Hellion  
  34  3:25  Marine  
  34  3:26  Stimpack  
  39  3:28  SCV  
  39  3:30  SCV  
  41  3:40  SCV  
  42  3:42  SCV  
  42  3:43  Marine  
  44  3:52  SCV  
  44  3:53  Barracks x2  
  44  3:54  Orbital Command, Factory Reactor, SCV  
  42  4:00  Refinery  
  42  4:01  Marine  
  43  4:05  SCV  
  43  4:06  SCV  
  44  4:13  Engineering Bay  
  44  4:15  Engineering Bay  
  44  4:17  SCV  
  45  4:18  SCV  
  45  4:19  Marine  
  45  4:20  SCV  
  48  4:24  Refinery  
  48  4:25  Refinery  
  48  4:29  SCV  
  48  4:30  SCV  
  50  4:32  SCV  
  50  4:36  Starport  
  52  4:41  Marine x2, Factory Reactor, SCV  
  52  4:43  Marauder  
  52  4:44  SCV  
  52  4:45  Supply Depot  
  57  4:47  Marine  
  57  4:51  Supply Depot  
  59  4:53  SCV  
  59  4:55  Terran Infantry Weapons Level 1  
  59  4:56  Orbital Command, SCV  
  59  4:57  Terran Infantry Armor Level 1  
  60  5:00  Marine  
  60  5:06  Marine x4, SCV  
  66  5:09  Combat Shield  
  66  5:12  Supply Depot  
  66  5:13  SCV  
  67  5:15  Supply Depot  
  67  5:18  Marine  
  67  5:19  SCV  
  69  5:23  Medivac, Factory Tech Lab  
  69  5:26  Medivac  
  75  5:29  Marine  
  75  5:32  Marine x2, Supply Depot  
  77  5:36  Marine  
  77  5:38  Barracks  
  77  5:39  Marine, Barracks  
  78  5:43  Siege Tank  
  78  5:45  SCV  
  78  5:46  SCV  
  78  5:47  Marine, SCV  
  85  5:51  Marine  
  85  5:55  Medivac, Supply Depot  
  85  5:56  Medivac  
  91  5:57  SCV  
  91  6:00  Marine  
  91  6:04  Supply Depot  
  92  6:05  Marine, SCV  
  92  6:06  Armory  
  92  6:08  SCV  
  92  6:09  Marine, SCV  
  92  6:10  Marine  
  98  6:14  Supply Depot  
  98  6:16  Marine  
  98  6:17  Marine, SCV  
  101  6:21  Siege Tank, SCV  
  101  6:23  Marine  
  101  6:24  SCV  
  106  6:29  SCV  
  106  6:31  Marine  
  108  6:33  SCV  
  108  6:34  Marine x2  
  108  6:35  Marine x2  
  108  6:36  SCV  
  108  6:39  Marine  
  114  6:40  Marine  
  114  6:43  SCV  
  114  6:49  Marine  
  114  6:52  Marine x2  
  114  6:53  Marine x2  
  115  6:54  Terran Infantry Weapons Level 2, Terran Infantry Armor Level 2  
  115  6:57  Marine  
  115  6:58  Marine, Medivac  
  119  7:03  Missile Turret  
  119  7:04  Supply Depot  
  119  7:07  Marine  
  120  7:10  Marine, Barracks Reactor  
  120  7:11  Barracks Reactor  
  120  7:14  Marine  
  120  7:15  Marine, Barracks  
  122  7:16  Marine, Barracks  
  122  7:17  Barracks  
  122  7:22  Supply Depot  
  124  7:24  Medivac, Supply Depot  
  124  7:25  Marine  
  124  7:29  Medivac  
  129  7:33  Marine x3  
  129  7:34  Marine  
  133  7:40  Supply Depot  
  133  7:43  Marine  
  134  7:48  Marine x2  
  134  7:49  Marine, Siege Tank  
  134  7:51  Marine x3  
  137  7:52  Marine  
  137  7:54  Medivac  
  137  7:56  Supply Depot  
  143  8:00  Marine, Terran Vehicle Weapons Level 1  
  143  8:01  Marine  
  145  8:06  Marine, Medivac  
  145  8:08  SCV  
  145  8:09  Marine x2  
  145  8:11  Marine x2  
  145  8:12  Marine  
  150  8:13  Marine x2  
  150  8:14  Marine x2  
  150  8:18  Marine  
  150  8:19  Marine  
  156  8:24  Marine, Medivac  
  156  8:26  Marine  
  156  8:27  Marine, Siege Tank  
  157  8:29  Marine x2  
  157  8:30  Marine  
  157  8:32  Marine  
  166  8:35  Marine x2  
  166  8:36  Marine  
  166  8:39  Supply Depot  
  166  8:40  Reaper  
  170  8:43  Marine  
  170  8:44  Marine  
  170  8:45  Marine  
  173  8:51  Marine x4, Medivac, Supply Depot  
  173  8:54  Marine x2  
  181  9:01  Marine x3, Siege Tank  
  187  9:05  Marine x2  
  189  9:12  Marine, Medivac  
  189  9:15  Marine x2  
  181  9:17  Marine  
  182  9:25  Marine x2, Medivac  
  182  9:30  Marine  
  182  9:31  Marine x2  
  185  9:32  Marine  
  185  9:35  Marine  
  185  9:36  Marine x3  
  185  9:37  Marine  
  178  9:38  Marine  
  178  9:42  Marine, Medivac  
  178  9:44  Marine  
  183  9:48  Marine  
  183  9:49  Marine x2  
  183  9:50  Marine  
  187  9:56  Marine, Siege Tank  
  187  9:58  Marine x2  
  192  10:01  Marine  
  192  10:02  Marine  
  192  10:03  Marine  
  192  10:06  Marine x2  
  172  10:19  Marine  
Show
View Real Time Build Order
Export as new Build Order

Serral Zerg 

Build Orders: Hatch First 

Get SALT Encoding   

  12  0:00  Drone  
  13  0:12  Overlord  
  13  0:16  Drone  
  14  0:30  Drone x2  
  16  0:48  Hatchery  
  15  0:51  Drone  
  15  0:55  Drone  
  17  0:58  Drone  
  18  1:09  Extractor  
  17  1:13  Spawning Pool  
  17  1:16  Drone  
  17  1:20  Drone  
  18  1:27  Drone  
  19  1:38  Drone  
  20  1:57  Overlord  
  20  2:00  Queen x2  
  25  2:01  Zergling x4  
  26  2:11  Drone x2  
  28  2:16  Metabolic Boost  
  28  2:21  Drone x2  
  30  2:36  Hatchery  
  29  2:39  Drone  
  30  2:44  Queen  
  30  2:50  Overlord  
  32  2:52  Drone  
  32  2:55  Drone  
  32  2:57  Drone  
  35  3:00  Drone  
  35  3:03  Pneumatized Carapace  
  36  3:11  Drone  
  37  3:13  Drone x3  
  37  3:17  Overlord  
  40  3:20  Drone  
  40  3:23  Drone  
  42  3:27  Queen  
  44  3:36  Drone x2  
  44  3:38  Drone  
  47  3:42  Zergling x2  
  47  3:43  Zergling x2  
  47  3:45  Drone  
  47  3:47  Queen, Drone x2  
  54  3:48  Drone  
  54  3:54  Zergling x2  
  56  3:56  Overlord  
  56  3:57  Drone  
  56  3:58  Drone  
  58  4:04  Overlord  
  58  4:06  Overlord  
  58  4:14  Queen  
  58  4:16  Drone x3  
  63  4:20  Drone x2  
  63  4:21  Lair  
  63  4:22  Drone  
  63  4:23  Drone  
  67  4:29  Baneling Nest, Overlord  
  67  4:31  Drone x2  
  67  4:32  Drone  
  67  4:36  Extractor, Drone x3  
  67  4:37  Extractor  
  70  4:40  Drone  
  70  4:45  Zergling x4  
  73  4:47  Drone  
  73  4:48  Spore Crawler  
  73  4:56  Drone x3  
  73  4:57  Extractor, Drone x5  
  80  5:07  Drone x2  
  80  5:10  Hatchery, Drone  
  80  5:12  Extractor x2  
  80  5:14  Evolution Chamber  
  80  5:17  Drone, Evolution Chamber  
  80  5:20  Drone x2  
  81  5:22  Centrifical Hooks  
  81  5:23  Overseer  
  81  5:25  Drone x6  
  87  5:30  Overlord  
  87  5:32  Zergling x6  
  87  5:34  Overlord  
  90  5:40  Zerg Ground Armor Level 1  
  90  5:43  Zerg Melee Weapons Level 1  
  90  5:44  Overlord  
  90  5:49  Zergling x6  
  93  5:53  Zergling x8  
  97  5:59  Zergling x10  
  102  6:05  Baneling x10  
  102  6:08  Hydralisk Den  
  102  6:09  Zergling x10  
  102  6:10  Zergling x2  
  107  6:17  Baneling x4  
  107  6:23  Zergling x14  
  114  6:26  Baneling  
  114  6:29  Baneling  
  114  6:36  Overlord  
  114  6:37  Drone x4  
  114  6:39  Muscular Augments  
  117  6:43  Drone x2  
  117  6:46  Queen  
  118  6:48  Overlord  
  118  6:49  Drone  
  118  6:50  Overlord x5  
  119  6:58  Infestation Pit  
  119  6:59  Drone  
  119  7:05  Overlord  
  119  7:07  Hydralisk x4  
  127  7:12  Hydralisk x2  
  127  7:15  Drone  
  132  7:16  Drone x4, Hydralisk x3  
  132  7:19  Drone  
  143  7:23  Baneling x4  
  143  7:30  Hydralisk x5  
  143  7:32  Baneling x5  
  143  7:33  Baneling x4  
  151  7:37  Hive  
  151  7:39  Overlord  
  151  7:41  Zergling x6  
  154  7:48  Zerg Melee Weapons Level 2  
  147  7:53  Zergling x2  
  147  7:54  Zergling x20  
  158  7:59  Grooved Spines  
  158  8:02  Hatchery  
  158  8:03  Drone x3  
  159  8:07  Zerg Ground Armor Level 2  
  159  8:10  Overlord x2  
  159  8:11  Zergling x4  
  161  8:18  Zergling x2  
  161  8:19  Zergling x16  
  170  8:23  Overlord x2  
  168  8:28  Baneling  
  168  8:29  Baneling x7  
  168  8:37  Zergling x16, Baneling x4  
  176  8:47  Extractor  
  174  8:49  Drone x2  
  174  8:50  Viper x2  
  174  8:51  Zergling x14  
  189  8:59  Adrenal Glands  
  189  9:01  Zergling x8  
  193  9:12  Zergling x2  
  193  9:13  Zergling x10  
  196  9:23  Baneling x5  
  196  9:24  Baneling x12  
  196  9:25  Zergling x8  
  194  9:36  Zergling x32  
  196  9:43  Baneling x4  
  196  9:44  Baneling x11  
  196  9:49  Zergling x12  
  200  9:56  Baneling x9  
  197  10:00  Zergling x6  
  187  10:07  Baneling x4  
  187  10:10  Zergling x12  
  187  10:11  Zergling x14  
  179  10:20  Zergling x14  
Tags
 
Add a new tag
Caveats
  • Supply blocks, unpowered buildings, or Contaminate may cause inaccurate times.
  • Supply counts are checked every 10 seconds.